Map: [ESL] Oceanborn

Players

Serral - Winner!

  • Race: Zerg Zerg
  • Spawn Location: 5:00

Reynor

  • Race: Protoss Protoss
  • League: Master
  • Spawn Location: 11:00

Event: HomeStory Cup XXIV

VOD

Have the link to the VOD?

Description

Time

  • Played on: Dec. 3, 2023, 3:59 p.m.
  • Length: 19:36

All games in this series

Show
View Real Time Build Order
Export as new Build Order

Serral Zerg - Winner!

Build Orders: Hatch First, Lurkers 

Get SALT Encoding   

  12  0:00  Drone  
  13  0:11  Overlord  
  13  0:16  Drone  
  14  0:30  Drone x2  
  16  0:43  Drone  
  17  0:50  Hatchery  
  17  0:53  Drone  
  17  0:57  Drone  
  18  1:10  Extractor  
  17  1:14  Spawning Pool  
  17  1:16  Drone  
  17  1:20  Drone  
  18  1:27  Drone  
  19  1:39  Drone  
  20  1:48  Overlord  
  20  2:00  Queen  
  22  2:02  Zergling x2, Queen  
  22  2:03  Zergling x2  
  26  2:11  Drone  
  26  2:13  Metabolic Boost  
  26  2:14  Drone  
  28  2:21  Drone  
  29  2:23  Drone  
  30  2:37  Hatchery  
  29  2:42  Drone  
  29  2:43  Drone  
  31  2:47  Queen  
  33  2:51  Overlord  
  33  2:55  Drone  
  33  2:56  Drone  
  35  2:58  Drone  
  35  3:03  Overlord  
  36  3:09  Queen  
  36  3:12  Drone  
  39  3:13  Drone  
  39  3:15  Drone  
  39  3:19  Zergling x2  
  43  3:20  Zergling x4  
  43  3:23  Zergling x2  
  43  3:25  Zergling x2  
  46  3:30  Queen  
  46  3:33  Overlord  
  48  3:38  Drone x2  
  50  3:42  Overlord  
  50  3:44  Drone x2  
  52  3:51  Queen  
  52  3:55  Drone  
  55  3:57  Drone x2, Spore Crawler  
  55  4:05  Zergling x2  
  55  4:06  Drone x4  
  55  4:08  Drone  
  60  4:10  Spore Crawler  
  60  4:14  Overlord  
  60  4:15  Drone  
  60  4:19  Drone x2  
  60  4:20  Drone  
  60  4:23  Overlord  
  63  4:25  Drone  
  63  4:26  Drone  
  63  4:29  Drone  
  66  4:35  Drone x2, Roach Warren  
  67  4:42  Extractor  
  67  4:43  Drone x2  
  67  4:44  Drone  
  69  4:46  Drone  
  69  4:48  Drone x2  
  69  4:52  Overlord  
  72  4:53  Drone  
  72  4:54  Extractor  
  72  4:55  Spore Crawler  
  71  5:02  Queen  
  71  5:04  Overlord x2  
  71  5:07  Zergling x6  
  75  5:11  Zergling x4  
  89  5:21  Roach x6  
  89  5:28  Roach x4  
  96  5:35  Roach x4  
  104  5:38  Overlord x2  
  104  5:40  Overlord  
  104  5:44  Overlord  
  104  5:54  Hatchery  
  104  5:56  Zergling x4  
  105  6:00  Zergling x12  
  105  6:03  Ravager x2  
  113  6:06  Zergling x8  
  113  6:08  Ravager  
  113  6:10  Ravager  
  119  6:15  Hatchery  
  119  6:16  Zergling x2  
  120  6:21  Zergling x16  
  120  6:25  Ravager  
  127  6:28  Overlord  
  127  6:29  Overlord  
  127  6:31  Ravager  
  128  6:35  Zergling x6  
  128  6:37  Spore Crawler  
  128  6:38  Ravager  
  131  6:43  Zergling x2  
  131  6:44  Zergling x6  
  132  6:53  Zergling x6  
  126  6:57  Zergling x2  
  126  6:58  Ravager x2  
  126  7:00  Zergling x2  
  126  7:01  Zergling x2  
  124  7:03  Queen x2  
  124  7:05  Ravager  
  124  7:08  Zergling x4  
  131  7:12  Zergling x4  
  127  7:17  Zergling x4  
  127  7:21  Lair  
  128  7:24  Zergling x4  
  117  7:31  Zergling x6  
  117  7:33  Zergling x2  
  117  7:36  Zergling x6  
  114  7:38  Zergling x2, Queen  
  117  7:44  Zergling x4  
  117  7:49  Zergling x4  
  119  7:53  Ravager x3  
  119  7:55  Zergling x4  
  117  8:00  Zergling x6  
  118  8:05  Roach  
  118  8:07  Roach x2  
  118  8:09  Roach  
  118  8:10  Roach  
  118  8:12  Roach x2  
  119  8:15  Roach x2  
  119  8:23  Roach x3  
  125  8:29  Roach x2  
  129  8:35  Zergling x10  
  134  8:42  Extractor  
  134  8:43  Zergling x8  
  134  8:44  Extractor  
  134  8:47  Glial Reconstitution  
  136  8:51  Spore Crawler  
  136  8:52  Evolution Chamber  
  136  8:55  Drone x12  
  135  9:00  Drone  
  135  9:01  Drone  
  135  9:02  Drone  
  147  9:08  Drone  
  147  9:13  Drone x3  
  147  9:16  Overlord  
  147  9:17  Overlord x2  
  150  9:18  Roach x2  
  144  9:24  Roach x5  
  144  9:25  Zergling x2, Roach x2  
  144  9:30  Overseer  
  157  9:34  Zerg Missile Weapons Level 1, Drone x2  
  157  9:35  Drone  
  160  9:39  Zergling x8, Infestation Pit, Extractor  
  160  9:46  Extractor, Hydralisk Den  
  160  9:47  Extractor, Drone x4  
  160  9:48  Zergling x8, Drone x2  
  160  9:51  Zergling x2  
  165  9:54  Zergling x2  
  163  10:00  Zergling x10  
  168  10:07  Zergling x2  
  168  10:08  Zergling x2  
  168  10:11  Zergling x4  
  170  10:15  Grooved Spines  
  170  10:16  Zergling x16  
  170  10:17  Zergling x4  
  179  10:21  Hatchery  
  176  10:29  Zergling x14  
  176  10:31  Hive  
  176  10:34  Lurker Den  
  182  10:38  Zergling x6  
  182  10:41  Overlord x2  
  183  10:49  Overlord x4  
  172  10:58  Hydralisk  
  172  10:59  Hydralisk x4  
  173  11:05  Muscular Augments  
  173  11:08  Drone x4  
  173  11:09  Drone x3  
  175  11:12  Drone  
  175  11:13  Drone x4  
  180  11:22  Drone x6  
  183  11:27  Hydralisk x3  
  183  11:38  Hydralisk x2  
  175  11:43  Viper x3  
  175  11:46  Extractor  
  181  11:47  Extractor, Drone x2  
  181  11:51  Zergling x16, Spine Crawler  
  181  11:52  Zergling x4  
  189  11:55  Zerg Missile Weapons Level 2  
  189  11:58  Seismic Spines  
  189  11:59  Lurker x2  
  191  12:05  Roach x4  
  188  12:22  Hydralisk x4  
  191  12:24  Lurker x6  
  193  12:31  Lurker, Hydralisk x3  
  193  12:32  Evolution Chamber  
  193  12:36  Drone  
  198  12:37  Spine Crawler x2  
  198  12:40  Drone x2, Spine Crawler  
  198  12:43  Overseer  
  196  12:51  Hydralisk  
  196  12:55  Adaptive Talons  
  198  13:08  Hydralisk  
  191  13:21  Hydralisk x5  
  189  13:31  Hydralisk  
  189  13:32  Zergling x12  
  189  13:33  Zergling x18  
  188  13:40  Overseer  
  183  13:42  Zerg Ground Armor Level 1  
  183  13:43  Hydralisk x2  
  183  13:44  Zergling x18  
  196  13:50  Lurker x4  
  196  14:07  Hydralisk x4  
  192  14:26  Hydralisk x4  
  191  14:40  Hydralisk x3  
  191  14:41  Hydralisk  
  188  14:47  Zerg Missile Weapons Level 3  
  188  14:52  Spire  
  175  15:01  Lurker x4  
  175  15:02  Lurker x4, Hydralisk  
  175  15:03  Hydralisk x7  
  199  15:10  Zergling x2  
  200  15:20  Hatchery  
  195  15:21  Hydralisk  
  195  15:22  Hydralisk  
  195  15:25  Overseer  
  195  15:36  Zergling x2  
  195  15:37  Zergling x8  
  191  15:45  Hydralisk x8  
  191  15:46  Zergling x2  
Show
View Real Time Build Order
Export as new Build Order

Reynor Protoss 

Build Orders: 1 Gate Expand, Oracle Opening, Phoenix Opening 

Get SALT Encoding   

  12  0:00  Probe  
  13  0:12  Probe  
  14  0:18  Pylon  
  14  0:24  Probe  
  15  0:36  Probe (Chrono Boost)  
  15  0:40  Gateway  
  16  0:48  Probe (Chrono Boost)  
  16  0:49  Assimilator  
  17  0:55  Probe (Chrono Boost)  
  18  1:03  Probe  
  19  1:15  Probe  
  20  1:27  Nexus  
  20  1:36  Cybernetics Core  
  20  1:41  Probe  
  21  1:48  Assimilator  
  21  1:53  Probe  
  22  1:56  Pylon  
  22  2:05  Probe  
  23  2:12  Adept (Chrono Boost)  
  25  2:19  Probe  
  25  2:21  Stargate  
  26  2:29  Warp Gate  
  25  2:32  Probe (Chrono Boost)  
  25  2:34  Adept  
  28  2:40  Probe (Chrono Boost)  
  28  2:44  Probe (Chrono Boost)  
  30  2:48  Probe (Chrono Boost)  
  30  2:50  Probe (Chrono Boost)  
  32  2:54  Probe (Chrono Boost)  
  32  2:58  Probe  
  34  3:03  Gateway  
  34  3:07  Phoenix (Chrono Boost)  
  34  3:10  Probe  
  34  3:12  Probe  
  38  3:19  Adept  
  40  3:22  Probe  
  40  3:24  Oracle (Chrono Boost)  
  44  3:29  Pylon  
  44  3:32  Probe  
  45  3:34  Probe  
  46  3:47  Probe x2  
  48  3:53  Oracle (Chrono Boost)  
  51  3:58  Nexus  
  51  4:06  Probe  
  51  4:08  Probe  
  52  4:12  Pylon  
  52  4:18  Adept  
  52  4:22  Pylon  
  54  4:30  Probe x2  
  56  4:40  Assimilator  
  56  4:42  Assimilator, Probe (Chrono Boost)  
  56  4:44  Gateway  
  58  4:45  Gateway  
  58  4:46  Probe (Chrono Boost)  
  58  4:47  Twilight Council  
  58  4:50  Adept x2  
  63  4:54  Probe (Chrono Boost)  
  63  4:57  Probe (Chrono Boost)  
  63  4:59  Probe (Chrono Boost)  
  64  5:05  Pylon  
  64  5:06  Probe (Chrono Boost)  
  66  5:10  Probe (Chrono Boost)  
  66  5:12  Forge  
  66  5:14  Sentry x2  
  72  5:17  Probe (Chrono Boost)  
  72  5:18  Probe (Chrono Boost)  
  72  5:21  Probe (Chrono Boost)  
  74  5:24  Probe (Chrono Boost)  
  74  5:25  Probe x2 (Chrono Boost)  
  77  5:33  Probe  
  77  5:35  Shield Battery  
  78  5:39  Stalker x3  
  78  5:41  Shield Battery  
  84  5:42  Pylon  
  84  5:43  Pylon  
  84  5:46  Photon Cannon  
  84  5:50  Stalker  
  84  5:56  Photon Cannon  
  86  6:02  Photon Cannon  
  86  6:03  Stalker x2  
  90  6:07  Blink (Chrono Boost), Stalker  
  92  6:13  Protoss Ground Weapons Level 1  
  92  6:14  Probe  
  92  6:15  Probe  
  94  6:18  Stalker  
  94  6:22  Shield Battery  
  96  6:26  Stalker  
  96  6:27  Stalker  
  100  6:33  Stalker  
  100  6:37  Pylon  
  100  6:39  Photon Cannon  
  102  6:42  Stalker  
  102  6:46  Pylon  
  104  6:52  Pylon  
  104  6:53  Pylon  
  102  6:56  Stalker x2  
  102  6:57  Stalker  
  108  7:06  Gateway  
  108  7:07  Photon Cannon  
  108  7:09  Stalker  
  109  7:15  Probe x2  
  109  7:21  Stalker x3  
  114  7:28  Probe x2  
  101  7:37  Stalker  
  101  7:42  Nexus  
  101  7:49  Stalker x3  
  103  7:52  Nexus  
  103  8:03  Stalker x2  
  107  8:08  Probe x2  
  107  8:15  Stalker x2  
  107  8:18  Protoss Ground Weapons Level 2 (Chrono Boost)  
  103  8:20  Probe x2  
  103  8:21  Stalker  
  103  8:25  Robotics Facility  
  107  8:32  Probe x2  
  109  8:41  Stalker  
  109  8:44  Probe  
  109  8:45  Probe  
  109  8:46  Pylon  
  113  8:50  Stalker x2  
  117  8:57  Probe  
  117  9:01  Assimilator  
  118  9:04  Probe  
  118  9:05  Assimilator  
  118  9:09  Pylon  
  119  9:15  Observer (Chrono Boost)  
  119  9:16  Robotics Bay  
  120  9:21  Pylon  
  120  9:29  Stalker x5  
  130  9:35  Observer (Chrono Boost)  
  129  10:00  Colossus (Chrono Boost)  
  129  10:01  Extended Thermal Lance (Chrono Boost)  
  129  10:04  Robotics Facility  
  129  10:06  Pylon  
  135  10:09  Probe  
  135  10:10  Probe  
  137  10:15  Stalker x5  
  143  10:29  Pylon, Protoss Ground Weapons Level 3 (Chrono Boost)  
  143  10:40  Stalker  
  143  10:41  Stalker x4  
  153  10:44  Nexus  
  153  10:45  Pylon  
  153  10:46  Colossus (Chrono Boost)  
  129  11:05  Colossus (Chrono Boost)  
  127  11:13  Stalker x5  
  136  11:37  Gateway  
  136  11:39  Gateway  
  128  11:40  Gateway, Stalker x4  
  128  11:41  Stalker  
  144  11:48  Colossus (Chrono Boost)  
  144  11:51  Nexus, Warp Prism (Chrono Boost)  
  144  11:52  Pylon  
  146  12:08  Probe x2  
  146  12:09  Probe  
  148  12:16  Stalker x4  
  148  12:17  Stalker  
  158  12:23  Templar Archives  
  158  12:25  Pylon  
  158  12:26  Probe x2  
  160  12:31  Disruptor x2 (Chrono Boost)  
  167  12:37  Nexus  
  167  12:45  Pylon  
  167  12:46  Probe x2  
  169  12:55  Nexus  
  169  13:00  Stalker x5  
  179  13:07  Pylon  
  179  13:12  Stalker x2  
  180  13:14  Disruptor (Chrono Boost)  
  177  13:23  Disruptor (Chrono Boost)  
  169  13:29  Observer  
  153  13:43  Nexus, High Templar x2  
  153  13:44  Disruptor  
  161  13:51  Probe x2  
  161  13:54  Stalker x4  
  157  14:22  Stalker x7  
  171  14:29  Probe  
  168  14:37  Observer x2 (Chrono Boost)  
  168  14:44  Probe  
  168  14:45  Probe  
  163  14:50  Stalker x3  
  163  14:51  Observer x2 (Chrono Boost), Stalker x2  
  160  15:12  Observer  
  153  15:37  Zealot  
  153  15:38  Stalker x7  
  153  15:42  Archon  
  159  15:48  Probe x2  
Tags
 
Add a new tag
Caveats
  • Supply blocks, unpowered buildings, or Contaminate may cause inaccurate times.
  • Supply counts are checked every 10 seconds.